AoeStats
← PNAL | Mr.Costas

Four Lakes

510199585Analyzed
1v1 RM · 16h ago on Sep 29, 2026· 34m 29s· 2 players
Game mode
Random Map
Map size
Tiny (2 player)
Population
200
Speed
Normal
Resources
Standard
Victory
Conquest
Starting age
Dark Age
Ending age
Imperial Age
RankedLock teamsTeams togetherTeam positionsShared explorationLock speedFull tech treeHidden civsTurbo modeCheats
Victory
Defeat
🇦🇷 Malay · Argentina
1546
+17
🇪🇸 Italians · Spain
1563
-17
I Have a Plan
8:58 Loom
11:14 Feudal Age
11:10 Double-Bit Axe
12:34 Horse Collar
19:15 Castle Age
23:14 Imperial Age
21:45 Ballistics
21:52 Fletching
22:32 Bow Saw
21:49 Crossbowman
24:37 Chemistry
24:17 Town Watch
24:42 Bodkin Arrow
26:04 Bracer
31:40 Arbalester
33:42 Padded Archer Armor
34:06 Thumb Ring
PNAL | Mr.Costas
9:53 Feudal Age
11:52 Loom
14:35 Castle Age
12:45 Fishing Lines
12:57 Double-Bit Axe
16:09 Gillnets
16:31 Bow Saw
19:05 Wheelbarrow
19:41 Gold Mining
25:16 Imperial Age
27:04 Chemistry
27:23 Conscription
26:47 Light Cavalry
27:36 Scale Barding Armor
28:00 Bloodlines
27:50 Husbandry
29:25 Chemistry
30:00 Chain Barding Armor
30:27 Ballistics
31:38 Plate Barding Armor
33:09 Cavalier
34:24 Forging
Connection lost

Rejoining the realm…

Still unreachable

The connection could not be restored.

Session expired

The server has moved on; the page needs a fresh start.